Map: Oxide LE

Players

Serral

  • Race: Zerg Zerg

ShoWTimE - Winner!

  • Race: Protoss Protoss

Event: DreamHack SC2 Masters 2021 Winter

VOD

Have the link to the VOD?

Description

Time

  • Played on: Oct. 16, 2021, 12:06 p.m.
  • Length: 9:51

All games in this series

Show
View Real Time Build Order
Export as new Build Order

Serral Zerg 

Build Orders: Hatch First 

Get SALT Encoding   

  12  0:00  Drone  
  13  0:12  Overlord  
  13  0:17  Drone  
  14  0:30  Drone x2  
  16  0:47  Hatchery  
  15  0:50  Drone  
  15  0:53  Drone  
  17  0:57  Drone  
  18  1:07  Extractor  
  17  1:12  Spawning Pool  
  17  1:16  Drone  
  17  1:19  Drone  
  18  1:28  Drone  
  19  1:38  Drone  
  20  1:50  Overlord  
  20  2:00  Queen x2  
  20  2:01  Zergling x4  
  26  2:10  Drone x2  
  26  2:13  Metabolic Boost  
  28  2:20  Drone  
  28  2:22  Drone  
  30  2:35  Queen  
  32  2:41  Hatchery  
  32  2:42  Drone  
  32  2:44  Drone  
  32  2:48  Overlord  
  33  3:01  Drone  
  33  3:02  Drone x2  
  33  3:04  Overlord  
  35  3:06  Spore Crawler  
  35  3:11  Overlord  
  35  3:17  Drone x4  
  35  3:18  Drone x2  
  41  3:25  Queen  
  43  3:29  Queen  
  43  3:33  Spore Crawler  
  45  3:34  Drone  
  45  3:35  Drone  
  45  3:38  Zergling x2  
  45  3:39  Zergling x2  
  48  3:45  Zergling x2  
  48  3:46  Zergling x4  
  50  3:48  Overlord  
  50  3:56  Evolution Chamber  
  50  3:59  Drone x3  
  49  4:11  Drone x5  
  49  4:16  Evolution Chamber  
  53  4:19  Spore Crawler  
  53  4:21  Queen  
  54  4:25  Drone x3  
  54  4:28  Drone  
  54  4:30  Drone, Spore Crawler  
  58  4:36  Drone x4  
  60  4:40  Zergling x4  
  60  4:43  Drone  
  63  4:47  Overlord  
  63  4:48  Drone x3  
  63  4:52  Zergling x4  
  67  4:54  Drone x2  
  67  4:59  Lair  
  69  5:00  Drone  
  69  5:02  Drone x2  
  69  5:05  Drone, Extractor  
  72  5:07  Extractor  
  72  5:08  Drone x2  
  72  5:09  Drone x2  
  75  5:14  Evolution Chamber  
  75  5:17  Drone  
  75  5:20  Drone x3  
  75  5:21  Drone, Roach Warren  
  78  5:23  Drone x2  
  78  5:25  Drone  
  78  5:27  Overlord  
  78  5:28  Extractor  
  80  5:29  Extractor  
  80  5:30  Extractor  
  80  5:32  Drone x2  
  80  5:33  Drone  
  81  5:40  Overlord  
  81  5:42  Zergling x2  
  80  5:45  Zergling x2  
  80  5:46  Drone  
  82  5:52  Hatchery  
  82  5:53  Overlord  
  82  5:54  Drone x4  
  86  5:58  Drone, Hatchery  
  86  6:00  Overseer  
  86  6:01  Glial Reconstitution  
  86  6:02  Zerg Missile Weapons Level 1  
  86  6:07  Infestation Pit  
  85  6:11  Drone  
  85  6:12  Spire  
  85  6:15  Zergling x6  
  85  6:18  Roach x2  
  92  6:22  Roach x2  
  92  6:23  Roach  
  98  6:27  Overlord  
  98  6:31  Roach x3  
  106  6:40  Roach, Overlord  
  106  6:41  Overlord x2  
  106  6:46  Ravager x3  
  108  6:47  Zergling x10  
  113  7:00  Zergling x12  
  116  7:02  Zergling x2  
  116  7:03  Zergling x2  
  116  7:07  Hive  
  114  7:10  Drone x4  
  114  7:14  Drone  
  114  7:15  Drone x2  
  121  7:16  Queen  
  121  7:21  Drone x2  
  125  7:26  Baneling Nest  
  125  7:27  Evolution Chamber  
  125  7:28  Drone x5, Extractor  
  127  7:33  Overlord  
  127  7:34  Extractor, Overlord  
  126  7:40  Overlord  
  126  7:42  Zergling x2, Roach x2  
  126  7:43  Roach x2  
  135  7:49  Roach x2  
  138  7:53  Ravager x2, Roach x3  
  138  7:54  Roach x5  
  138  7:56  Zerg Melee Weapons Level 1  
  156  8:10  Zergling x16  
  150  8:24  Roach x10  
  148  8:30  Queen x3  
  154  8:35  Greater Spire  
  151  8:45  Baneling x2  
  151  8:46  Baneling x4, Queen  
  151  8:48  Overseer  
  153  8:49  Overlord x4  
  153  8:57  Ravager  
  153  9:02  Roach x2  
  158  9:03  Ravager x2  
  158  9:05  Drone, Spore Crawler  
  158  9:06  Drone  
  158  9:09  Zergling x24  
  173  9:16  Corruptor  
  173  9:17  Corruptor  
  170  9:19  Ravager x2  
  170  9:20  Ravager  
  170  9:22  Corruptor x2  
  181  9:31  Roach x6  
Show
View Real Time Build Order
Export as new Build Order

ShoWTimE Protoss - Winner!

Build Orders: 1 Gate Expand, Oracle Opening 

Get SALT Encoding   

  12  0:00  Probe  
  13  0:12  Probe  
  14  0:17  Pylon  
  14  0:24  Probe (Chrono Boost)  
  15  0:36  Probe (Chrono Boost)  
  15  0:37  Gateway  
  16  0:45  Probe (Chrono Boost)  
  16  0:46  Assimilator  
  17  0:50  Probe  
  18  1:03  Probe  
  19  1:15  Probe  
  20  1:23  Nexus  
  20  1:31  Cybernetics Core  
  20  1:34  Probe  
  20  1:39  Assimilator  
  21  1:46  Probe  
  22  1:49  Pylon  
  22  1:58  Probe  
  23  2:05  Adept (Chrono Boost)  
  25  2:10  Probe  
  26  2:19  Stargate  
  26  2:23  Probe  
  26  2:25  Adept (Chrono Boost)  
  29  2:32  Warp Gate  
  29  2:35  Probe (Chrono Boost)  
  31  2:40  Probe (Chrono Boost)  
  32  2:44  Probe (Chrono Boost)  
  32  2:47  Adept  
  32  2:48  Probe (Chrono Boost)  
  32  2:49  Probe (Chrono Boost)  
  35  2:55  Pylon  
  36  2:59  Probe  
  36  3:01  Probe  
  41  3:05  Oracle (Chrono Boost)  
  41  3:11  Probe  
  42  3:13  Probe  
  42  3:17  Adept  
  45  3:23  Probe  
  45  3:25  Probe  
  45  3:26  Gateway  
  47  3:35  Probe  
  47  3:38  Probe, Pylon  
  47  3:40  Oracle (Chrono Boost)  
  52  3:47  Probe  
  53  3:50  Probe  
  54  3:59  Probe  
  54  4:02  Probe  
  56  4:07  Nexus  
  54  4:11  Oracle (Chrono Boost), Probe  
  54  4:14  Probe  
  55  4:20  Pylon  
  55  4:23  Probe  
  56  4:26  Probe  
  56  4:27  Adept x2  
  56  4:31  Assimilator  
  61  4:33  Assimilator, Pylon  
  61  4:36  Probe  
  63  4:38  Probe  
  63  4:45  Robotics Facility  
  63  4:47  Pylon  
  63  4:48  Probe, Pylon  
  63  4:50  Probe  
  65  4:59  Forge  
  65  5:00  Probe, Sentry  
  65  5:01  Gateway  
  65  5:02  Probe  
  65  5:04  Sentry  
  71  5:10  Pylon  
  71  5:12  Probe (Chrono Boost)  
  72  5:15  Probe (Chrono Boost)  
  72  5:20  Probe (Chrono Boost)  
  74  5:24  Probe (Chrono Boost), Shield Battery  
  74  5:27  Probe (Chrono Boost)  
  76  5:29  Probe (Chrono Boost)  
  76  5:30  Immortal (Chrono Boost)  
  76  5:31  Probe (Chrono Boost)  
  76  5:32  Probe (Chrono Boost)  
  76  5:34  Probe (Chrono Boost)  
  83  5:38  Probe  
  83  5:39  Robotics Bay  
  83  5:41  Probe  
  83  5:42  Protoss Ground Weapons Level 1 (Chrono Boost)  
  86  5:44  Twilight Council  
  86  5:46  Probe  
  86  5:48  Assimilator  
  86  5:49  Assimilator  
  87  5:50  Probe  
  87  5:53  Photon Cannon, Probe  
  89  5:58  Sentry  
  89  5:59  Probe  
  89  6:02  Pylon  
  92  6:05  Observer  
  92  6:09  Gateway  
  93  6:12  Gateway, Pylon  
  93  6:13  Gateway  
  93  6:15  Stalker x2  
  97  6:24  Stalker  
  99  6:27  Disruptor (Chrono Boost)  
  102  6:36  Charge  
  102  6:37  Pylon  
  102  6:38  Stalker x2  
  106  6:42  Pylon  
  106  6:45  Nexus  
  106  6:49  Probe x2  
  106  6:50  Probe  
  109  6:54  Disruptor (Chrono Boost)  
  112  7:01  Probe x2  
  114  7:09  Dark Shrine  
  114  7:11  Photon Cannon  
  114  7:12  Probe  
  114  7:13  Probe x2, Shield Battery  
  117  7:17  Gateway  
  117  7:19  Gateway, Pylon  
  117  7:21  Disruptor (Chrono Boost)  
  117  7:23  Gateway  
  117  7:25  Gateway  
  117  7:26  Stalker x2  
  124  7:31  Stalker x2  
  128  7:47  Warp Prism  
  130  7:53  Zealot x4  
  130  7:56  Probe  
  130  7:57  Assimilator  
  130  7:58  Probe  
  140  7:59  Assimilator, Probe  
  140  8:01  Probe  
  142  8:06  Zealot x2  
  142  8:09  Probe  
  147  8:25  Zealot x6  
  150  8:32  Immortal, Pylon  
  148  8:39  Dark Templar x3  
  148  8:40  Dark Templar  
  154  8:43  Archon  
  154  8:44  Archon  
  154  8:45  Dark Templar x4  
  154  8:48  Photon Cannon  
  162  8:49  Shield Battery  
  162  8:50  Archon x2  
  162  9:01  Dark Templar x2  
  166  9:05  Gateway, Archon  
  166  9:09  Photon Cannon, Gateway  
  164  9:19  Dark Templar x4  
  172  9:24  Archon x2  
  172  9:26  Zealot x4  
  174  9:42  Stalker x2  
  168  9:49  Stalker x4  

Tags
 
Add a new tag
Caveats
  • Supply blocks, unpowered buildings, or Contaminate may cause inaccurate times.
  • Supply counts are checked every 10 seconds.